 Dungeon Crawl Stone Soup version 0.18.1-1-g2f07953 (webtiles) character file.

268506 Chiseanne the Slayer (level 20, -6/236 HPs)
             Began as an Ogre Air Elementalist on May 7, 2016.
             Was an Initiate of Gozag.
             Mangled by a deep troll (16 damage)
             ... led by an ironheart preserver
             ... on level 1 of the Vaults.
             The game lasted 02:57:25 (48552 turns).

Chiseanne the Slayer (Ogre Air Elementalist)       Turns: 48552, Time: 02:57:25

Health: -6/236     AC:  9    Str: 19    XL:     20   Next: 15%
Magic:  36/36      EV: 16    Int: 26    God:    Gozag
Gold:   270        SH: 23    Dex: 26    Spells: 9 memorised, 14 levels left

rFire  + + .     SeeInvis .     a - +10 morningstar "Boepsaa" {speed, rF+ rC+ Dex+3 Stlth+}
rCold  + + .     Gourm    .     C - +2 robe of the World {rN+ rCorr}
rNeg   + . .     Faith    .     n - +3 shield "Rusei" {rC- Regen+ Str+4 Int+3}
rPois  +         Spirit   .     i - +3 hat of Pondering {ponderous, MR+ MP+10 Int+5}
rElec  +         Dismiss  .     E - +0 cloak of Lifelessness {rElec rC+ MP-9 Dex+5}
rCorr  +         Reflect  +     (gloves unavailable)
SustAt .         Harm     .     (boots unavailable)
MR     +++..                    S - amulet of Sugepol {Reflect rF+ rC+ SH+4}
Stlth  +++.......               j - ring "Aweithrio" {Wiz Str-3 Int+4 Dex+2 Slay+6}
                                k - ring of poison resistance

@: gold aura, slowed, repel missiles, very slow, extremely resistant to hostile
enchantments, fairly stealthy
A: unfitting armour, tough skin 1, subdued magic 1
a: Potion Petition, Call Merchant, Bribe Branch, Renounce Religion
}: 2/15 runes: decaying, serpentine


You were on level 1 of the Vaults.
You worshipped Gozag.
Gozag was noncommittal.
You were not hungry.

You visited 8 branches of the dungeon, and saw 38 of its levels.
You visited 1 bazaar.
You also visited: Ice Cave.

You collected 19735 gold pieces.
You spent 8274 gold pieces at shops.
You paid 11191 gold pieces to Gozag.

Inventory:

Hand Weapons
 a - the +10 morningstar "Boepsaa" (weapon) {speed, rF+ rC+ Dex+3 Stlth+}
   (You bought it in a shop on level 14 of the Dungeon)

   Attacks with this weapon are significantly faster.
   It affects your dexterity (+3).
   It protects you from fire.
   It protects you from cold.
   It makes you more stealthy.
 w - the +1 blowgun "Hydra's Bane" {speed, *Confuse rPois rN+ MR+}
   (You bought it in a shop on level 7 of the Dungeon)

   Attacks with this weapon are significantly faster.
   It protects you from poison.
   It protects you from negative energy.
   It affects your resistance to hostile enchantments.
   It may confuse you when you take damage.
Missiles
 h - 6 steel tomahawks
 y - 2 throwing nets {!*}
 B - 33 tomahawks (quivered)
 V - 3 curare-tipped needles
 W - a large rock
Armour
 i - the +3 hat of Pondering (worn) {ponderous, MR+ MP+10 Int+5}
   (You took it off Gastronok on level 2 of the Lair of Beasts)

   It affects your intelligence (+5).
   It affects your resistance to hostile enchantments.
   It affects your magic capacity (+10).
 n - the +3 shield "Rusei" (worn) {rC- Regen+ Str+4 Int+3}
   (You found it on level 6 of the Lair of Beasts)

   It affects your strength (+4).
   It affects your intelligence (+3).
   It makes you vulnerable to cold.
   It increases your rate of regeneration.
 C - the +2 robe of the World (worn) {rN+ rCorr}
   (You bought it in a shop on level 10 of the Dungeon)

   It protects you from negative energy.
   It protects you from acid and corrosion.
 E - the +0 cloak of Lifelessness (worn) {rElec rC+ MP-9 Dex+5}
   (You bought it in a shop on level 10 of the Dungeon)

   It affects your dexterity (+5).
   It protects you from cold.
   It insulates you from electricity.
   It affects your magic capacity (-9).
Jewellery
 j - the ring "Aweithrio" (right hand) {Wiz Str-3 Int+4 Dex+2 Slay+6}
   (You bought it in a shop on level 14 of the Dungeon)

   [ring of wizardry]

   It improves your spell success rate.
   It affects your strength (-3).
   It affects your intelligence (+4).
   It affects your dexterity (+2).
   It affects your accuracy and damage with ranged weapons and melee attacks
   (+6).
 k - a ring of poison resistance (left hand)
 S - the amulet of Sugepol (around neck) {Reflect rF+ rC+ SH+4}
   (You bought it in a shop on level 3 of the Swamp)

   [amulet of reflection]

   It shields you and reflects attacks.
   It protects you from fire.
   It protects you from cold.
   It affects your SH (+4).
Wands
 t - a wand of digging (7/24)
 R - a wand of digging (8/24)
Scrolls
 b - 2 scrolls of immolation
 g - 3 scrolls of recharging
 G - 13 scrolls of remove curse
 K - 9 scrolls of identify
 U - 8 scrolls of teleportation
 Z - 3 scrolls of fog
Potions
 d - 2 potions of ambrosia
 e - a potion of agility
 l - 5 potions of flight
 m - a potion of berserk rage
 D - a potion of resistance
 Q - a potion of cancellation
 X - 3 potions of curing
 Y - 3 potions of might
Miscellaneous
 c - a box of beasts {used: 1}
 f - a fan of gales (inert)
 r - an ornate deck of wonders
 z - a phial of floods
 I - a lamp of fire
 M - a stone of tremors
Comestibles
 p - 13 meat rations
 T - 2 bread rations


   Skills:
 * Level 22.1 Fighting
 - Level 16.8 Maces & Flails
 - Level 12.6 Throwing
 - Level 6.5 Dodging
 - Level 1.5 Stealth
 * Level 18.4 Shields
 - Level 11.0 Spellcasting
 - Level 0.6 Conjurations
 - Level 2.1 Air Magic


You had 14 spell levels left.
You knew the following spells:

 Your Spells              Type           Power        Failure   Level  Hunger
a - Shock                 Conj/Air       ###.         1%          1    None
b - Repel Missiles        Chrm/Air       ###...       1%          2    None
c - Blink                 Tloc           N/A          3%          2    None
d - Summon Guardian Gole  Hex/Summ       ##......     4%          3    None
e - Summon Lightning Spi  Summ/Air       ###.....     11%         4    None
f - Summon Forest         Summ/Tloc      ##........   65%         5    ###....
g - Mephitic Cloud        Conj/Pois/Air  ##......     3%          3    None
h - Dazzling Spray        Conj/Hex       ##......     4%          3    None
i - Force Lance           Conj/Tloc      ##......     14%         4    None


Dungeon Overview and Level Annotations

Branches:
Dungeon (15/15)            Temple (1/1) D:4            Lair (8/8) D:10
  Swamp (4/4) Lair:3        Snake (4/4) Lair:5        Slime (0/6) Lair:8
    Orc (2/2) D:12            Elf (3/3) Orc:2        Vaults (1/5) D:14
 Depths (0/5) D:15

Altars:
Ashenzari
Cheibriados
Dithmenos
Elyvilon
Fedhas
Gozag
Kikubaaqudgha
Makhleb
Nemelex Xobeh
Okawaru
Pakellas
Qazlal
Ru
Sif Muna
Trog
Vehumet
Xom
Yredelemnul
Zin
The Shining One
Beogh

Shops:
D:7 (   D:9 [   D:10 [*[   D:11 (   D:14 ?**(   Orc:2 *=([   Swamp:3 =
Snake:1 [   Snake:4 [

Annotations:
Elf:2 exclusion: 3 doors


Innate Abilities, Weirdness & Mutations

You are too large for most types of armour.
You have tough skin (AC +1).
Your spells are a little easier to cast, but a little less powerful.


Message History

The deep troll claws you but does no damage.
The deep troll bites you!!
* * * LOW HITPOINT WARNING * * *
You block the deep troll's attack. The deep troll closely misses you.
You block the boulder beetle's attack. The deep troll bites you.
* * * LOW HITPOINT WARNING * * *
The deep troll claws you but does no damage.
The deep troll claws you!
* * * LOW HITPOINT WARNING * * *
Something hits you!
* * * LOW HITPOINT WARNING * * *
Something drains your vigour!
You feel as though you will be slow longer.
Evoke which item? (* to show all) (? for menu, Esc to quit)
A fierce wind blows from the fan.
The winds coalesce and take form.
You block the deep troll's attack.
The deep troll claws you but does no damage.
You block the deep troll's attack. x2; The deep troll claws you!
You die...
Your body crumbles into a pile of gold.

##########
.........#
.....TBT$#
#@T# #.T#
#$$# #..#
$ #.E# $
#..+ $
#..# ...#
..!#


You could see a boulder beetle, 3 deep trolls, a deep troll earth mage and a
friendly air elemental.

Vanquished Creatures
  2 deep elf blademasters (Elf:3)
  A deep elf master archer (Elf:3)
  Frances (D:13)
  A thorn hunter (Swamp:4)
  11 greater nagas (Snake:4)
  7 deep elf sorcerers (Elf:3)
  An emperor scorpion (D:15)
  An ironheart preserver (Vaults:1)
  2 deep elf elementalists (Elf:3)
  An orc warlord (Orc:2)
  10 deep elf demonologists
  5 deep elf annihilators (Elf:3)
  A dire elephant (D:15)
  The ghost of lightmor the Severer, a journeyman MiBe of Trog (Orc:2)
  3 deep elf death magi (Elf:3)
  3 deep elf high priests
  5 vault guards (D:14)
  Harold (Lair:3)
  13 naga warriors
  17 hydras
  4 centaur warriors
  A death knight (D:15)
  An alligator (Swamp:3)
  6 anacondas
  3 death yaks (Lair:8)
  A tengu warrior (D:15)
  A queen ant (Lair:7)
  4 naga sharpshooters (Snake:4)
  11 deep elf knights
  A shock serpent (Snake:2)
  An orc high priest (Orc:1)
  Nergalle (Orc:2)
  A salamander mystic (Snake:1)
  2 wizards
  9 sea snakes
  3 naga ritualists (Snake:4)
  8 swamp dragons
  7 orc knights
  A shambling mangrove (Swamp:4)
  8 deep elf archers
  5 hill giants
  2 orc sorcerers
  45 deep elf magi
  An orb spider (shapeshifter) (Elf:3)
  9 ugly things
  5 mana vipers (Snake:4)
  9 salamanders (Snake:4)
  A cyclops (D:11)
  A griffon (D:12)
  2 manticores (D:12)
  16 naga magi
  10 elephants
  6 guardian serpents (Snake:4)
  4 centaur zombies
  A torpor snail (Lair:4)
  16 black mambas
  Psyche (D:9)
  13 spiny frogs
  A gargoyle (D:13)
  2 rime drakes
  An efreet (D:12)
  5 yaktaurs
  3 ice devils
  11 komodo dragons
  3 spriggan druids
  A merfolk (D:15)
  4 polar bears
  2 two-headed ogres (D:14)
  5 giant leeches
  8 trolls
  23 blink frogs
  A boulder beetle (Lair:7)
  20 slime creatures
  3 bog bodies (Swamp:4)
  6 air elementals
  14 spriggans
  10 redbacks (Lair:8)
  3 water elementals
  4 wyverns
  5 shadows
  A wraith (D:15)
  A vampire (D:12)
  49 yaks
  3 fire bats (Lair:7)
  A human (D:14)
  A hungry ghost (D:15)
  4 basilisks
  2 fire elementals (Elf:1)
  11 hippogriffs
  A hippogriff (shapeshifter) (Elf:3)
  5 mottled dragons
  7 vampire mosquitoes
  54 nagas
  10 soldier ants
  5 swamp worms
  4 wargs
  14 water moccasins
  16 porcupines
  30 orc warriors
  2 sky beasts
  11 ice beasts
  13 wasps
  An eye of draining (D:13)
  2 phantoms (D:8)
  2 swamp drakes (Swamp:4)
  A necrophage (D:9)
  5 black bears
  11 ogres
  A wolf (shapeshifter) (D:15)
  23 centaurs
  32 wolves
  17 crocodiles
  3 big kobolds
  20 giant frogs
  7 earth elementals
  2 gnoll sergeants
  2 wyvern zombies
  A wyvern skeleton (D:12)
  2 scorpions
  22 wights
  11 killer bees
  6 howler monkeys
  3 electric eels
  8 crimson imps
  A giant frog zombie (D:6)
  A lava snake (Lair:7)
  9 hounds
  26 orc wizards
  8 centaur skeletons
  A gnoll shaman (D:7)
  9 iguanas
  3 giant frog skeletons
  18 jellies
  23 orc priests
  Jessica (D:3)
  35 worker ants
  11 sheep
  2 hound skeletons
  A worker ant zombie (D:6)
  3 howler monkey skeletons
  20 gnolls
  57 river rats
  13 adders
  8 shadow imps
  An ooze (D:1)
  An adder zombie (D:7)
  An adder skeleton (D:7)
  3 worms
  A dart slug (D:4)
  4 giant geckos
  88 orcs
  11 bats
  5 giant cockroaches
  11 goblins
  9 hobgoblins
  6 jackals
  35 kobolds
  7 quokkas
  A ball python (D:4)
  3 giant newts
  2 quokka skeletons
  6 rats
  4 fungi
  11 plants
1330 creatures vanquished.

Vanquished Creatures (collateral kills)
  Gastronok (Lair:2)
  2 deep elf sorcerers (Elf:3)
  A hill giant (D:13)
  A deep elf mage (D:13)
  A black mamba (Lair:2)
  A polar bear (Lair:8)
  A naga (Snake:4)
  A wasp (D:13)
  A wolf (Lair:8)
  A worker ant (D:13)
11 creatures vanquished.

Vanquished Creatures (others)
  A deep elf master archer (Elf:3)
  A deep elf elementalist (Elf:3)
  A deep elf high priest (Elf:3)
  A centaur warrior (D:15)
  23 dancing weapons
  A naga sharpshooter (Snake:4)
  A sea snake (Snake:4)
  3 deep elf archers
  A deep elf mage (Elf:3)
  A black mamba (Snake:4)
  A naga (Snake:4)
  A wasp (Swamp:4)
  2 centaurs
  An iguana (D:2)
  A kobold (D:7)
  4 fungi
  8 plants
52 creatures vanquished.

Grand Total: 1393 creatures vanquished

Notes
Turn   | Place    | Note
--------------------------------------------------------------
     0 | D:1      | Chiseanne the Ogre Air Elementalist began the quest for the Orb.
     0 | D:1      | Reached XP level 1. HP: 16/16 MP: 3/3
   170 | D:1      | Reached skill level 1 in Maces & Flails
   182 | D:1      | Reached skill level 1 in Fighting
   182 | D:1      | Reached XP level 2. HP: 10/27 MP: 0/5
   535 | D:1      | Learned a level 2 spell: Repel Missiles
   678 | D:1      | Reached skill level 1 in Throwing
   706 | D:1      | Reached XP level 3. HP: 35/35 MP: 4/6
   806 | D:1      | Reached skill level 2 in Fighting
  1532 | D:2      | Reached XP level 4. HP: 44/44 MP: 2/7
  1648 | D:2      | Found an oddly glowing altar of Pakellas.
  1648 | D:2      | Noticed an orange crystal statue
  1935 | D:2      | Reached skill level 3 in Fighting
  2283 | D:3      | Noticed Jessica
  2304 | D:3      | Killed Jessica
  2331 | D:3      | Found an ancient bone altar of Kikubaaqudgha.
  2331 | D:3      | Found a shimmering altar of Xom.
  2714 | D:3      | HP: 1/46 [orc wizard/dagger of electrocution (20)]
  2715 | D:3      | Reached XP level 5. HP: 1/54 MP: 1/8
  3558 | D:3      | Reached skill level 4 in Fighting
  4603 | D:4      | Noticed an ogre
  4622 | D:4      | Killed an ogre
  4622 | D:4      | Reached XP level 6. HP: 36/63 MP: 9/9
  4776 | D:4      | Found a burning altar of Makhleb.
  5072 | D:4      | Found a staircase to the Ecumenical Temple.
  5145 | Temple   | Entered the Ecumenical Temple
  5154 | Temple   | Became a worshipper of Gozag Ym Sagoz the Greedy
  5393 | D:4      | Reached skill level 5 in Fighting
  5614 | D:4      | Reached skill level 5 in Maces & Flails
  5614 | D:4      | Reached XP level 7. HP: 69/72 MP: 10/10
  5885 | D:5      | Entered Level 5 of the Dungeon
  6981 | D:6      | Reached skill level 6 in Fighting
  7223 | D:6      | Found a burning altar of Makhleb.
  7308 | D:6      | Reached XP level 8. HP: 26/84 MP: 2/11
  7854 | D:6      | Found a radiant altar of Vehumet.
  7910 | D:6      | Reached skill level 7 in Fighting
  7921 | D:6      | Reached skill level 5 in Throwing
  9384 | D:7      | Reached skill level 8 in Fighting
 10327 | D:7      | Reached XP level 9. HP: 73/97 MP: 12/12
 10706 | D:7      | Bought a glowing morningstar for 120 gold pieces
 10781 | D:7      | Reached skill level 9 in Fighting
 11910 | D:7      | Bought a shimmering blowgun for 225 gold pieces
 11973 | D:6      | HP: 4/98 [poisoned by a worker ant]
 11979 | D:6      | HP: 2/98 [poisoned by a worker ant]
 11986 | D:6      | HP: 2/98 [poisoned by a worker ant]
 13350 | D:7      | Reached skill level 10 in Fighting
 13470 | D:7      | Bought a glowing dire flail for 120 gold pieces
 13784 | D:8      | Found a sparkling altar of Nemelex Xobeh.
 13813 | D:8      | Reached skill level 10 in Maces & Flails
 13950 | D:8      | Reached XP level 10. HP: 107/111 MP: 13/13
 14370 | D:9      | Found Nymemn's Armour Emporium.
 14545 | D:9      | Reached skill level 11 in Fighting
 15060 | D:9      | Noticed Psyche
 15076 | D:9      | Killed Psyche
 15403 | D:10     | Entered Level 10 of the Dungeon
 15536 | D:10     | Noticed a hill giant
 15545 | D:10     | Killed a hill giant
 15545 | D:10     | Reached skill level 12 in Fighting
 15915 | D:10     | Reached XP level 11. HP: 124/124 MP: 14/14
 15928 | D:10     | Found a staircase to the Lair.
 17266 | D:11     | Reached skill level 13 in Fighting
 17585 | D:11     | Noticed a cyclops
 17599 | D:11     | Killed a cyclops
 17808 | D:11     | Reached skill level 10 in Throwing
 18425 | D:12     | Noticed a hill giant
 18428 | D:12     | Killed a hill giant
 18430 | D:12     | Noticed a manticore
 18440 | D:12     | Killed a manticore
 18868 | D:12     | Found a staircase to the Orcish Mines.
 18877 | D:12     | Noticed a manticore
 18881 | D:12     | Killed a manticore
 19245 | D:12     | Reached skill level 14 in Fighting
 19291 | D:12     | Noticed a hill giant
 19297 | D:12     | Killed a hill giant
 19297 | D:12     | Reached XP level 12. HP: 139/139 MP: 15/15
 19913 | D:13     | Noticed a six-headed hydra
 19918 | D:13     | Killed a six-headed hydra
 20721 | D:13     | Found a flickering gateway to a bazaar.
 20730 | Bazaar   | Entered a bazaar
 20744 | Bazaar   | Found Qouck's Magic Scroll Shoppe.
 20760 | Bazaar   | Found Feten's Antique Armour Emporium.
 20780 | Bazaar   | Found Cioruyqa's Jewellery Shoppe.
 20780 | Bazaar   | Found Dofunur's Book Emporium.
 20814 | Bazaar   | Bought the ring of Ynli {rElec MP+9 Str+7 Stlth+} for 412 gold pieces
 21180 | Bazaar   | Bought a scroll of brand weapon for 240 gold pieces
 21180 | Bazaar   | Bought a scroll of identify for 24 gold pieces
 21180 | Bazaar   | Bought a scroll of enchant weapon for 90 gold pieces
 21180 | Bazaar   | Bought a scroll of identify for 24 gold pieces
 21225 | Bazaar   | Identified the cursed +1 blowgun "Hydra's Bane" {speed, *Confuse rPois rN+ MR+} (You bought it in a shop on level 7 of the Dungeon)
 21244 | D:13     | Noticed Frances
 21270 | D:13     | Noticed a centaur warrior
 21280 | D:12     | Paralysed by a wasp for 1 turns
 21719 | Orc:1    | Entered Level 1 of the Orcish Mines
 21883 | Orc:1    | Reached skill level 15 in Fighting
 22373 | D:12     | HP: 9/214 [burnt (8)]
 23108 | Orc:2    | Entered Level 2 of the Orcish Mines
 23116 | Orc:2    | Noticed lightmor's ghost (journeyman MiBe)
 23410 | Orc:2    | Found a staircase to the Elven Halls.
 23520 | Orc:1    | Gained mutation: You are frail (-10% HP). [potion of mutation]
 23520 | Orc:1    | Gained mutation: You are agile. (Dex +2) [potion of mutation]
 23520 | Orc:1    | Gained mutation: You expend magic power (3 MP) to strengthen your wands. [potion of mutation]
 23529 | Orc:1    | Lost mutation: You are frail (-10% HP). [potion of cure mutation]
 23529 | Orc:1    | Lost mutation: You are agile. (Dex +2) [potion of cure mutation]
 23529 | Orc:1    | Lost mutation: You expend magic power (3 MP) to strengthen your wands. [potion of cure mutation]
 24176 | Orc:2    | Reached skill level 15 in Maces & Flails
 24192 | Orc:1    | Reached XP level 13. HP: 76/150 MP: 16/16
 24458 | Orc:2    | Noticed Nergalle
 24917 | Orc:2    | Killed lightmor's ghost
 24922 | Orc:2    | Killed Nergalle
 25228 | Orc:2    | Reached skill level 16 in Fighting
 26158 | Orc:2    | Found a roughly hewn altar of Beogh.
 26220 | Orc:2    | Noticed an orc warlord
 26290 | Orc:2    | Killed an orc warlord
 26565 | Orc:2    | Found Xukhlats's General Store.
 26582 | Orc:2    | Found Ogaph's Jewellery Shop.
 26589 | Orc:2    | Bought a cursed ring of teleportation for 45 gold pieces
 26605 | Orc:2    | Found Ubrualois's Antique Armour Shop.
 26636 | Orc:2    | Found Yhetuf's Antique Weapon Shop.
 26648 | Orc:2    | Bought a glowing giant spiked club for 41 gold pieces
 27119 | Lair:1   | Entered Level 1 of the Lair of Beasts
 27285 | Lair:1   | Got a smoking whip
 27442 | D:10     | Bought a potion of experience for 650 gold pieces
 27443 | D:10     | Reached XP level 14. HP: 163/163 MP: 17/17
 28101 | Lair:1   | Identified the +1 whip of Wafro {pain, rF++} (You found it on level 1 of the Lair of Beasts)
 28214 | Lair:2   | Found a frozen archway.
 28280 | IceCv    | Entered an ice cave
 29116 | Lair:2   | Reached skill level 17 in Fighting
 29294 | Lair:2   | Noticed Gastronok
 29306 | Lair:2   | Killed Gastronok
 29942 | Lair:2   | You fall through a shaft!
 30164 | Lair:3   | Got a twisted robe
 30203 | Lair:3   | Identified the +1 robe of Dithmenos {rElec rF- Str-3 Int+9} (You found it on level 3 of the Lair of Beasts)
 30239 | Lair:3   | Found a staircase to the Swamp.
 30251 | Lair:3   | Reached skill level 1 in Shields
 30414 | Lair:3   | Noticed Harold
 30425 | Lair:3   | Killed Harold
 30645 | D:10     | Bought the +7 morningstar of Greed {crush, Dex+4} for 733 gold pieces
 30932 | Lair:4   | Got a tattered robe
 30933 | Lair:4   | Identified the +1 robe of the Pleiades {rElec} (You found it on level 4 of the Lair of Beasts)
 31084 | Lair:4   | Reached XP level 15. HP: 174/174 MP: 18/18
 31226 | Lair:4   | Identified a scroll of acquirement
 31782 | D:10     | Bought a jewelled cloak for 380 gold pieces
 31782 | D:10     | Bought a spiked cloak for 380 gold pieces
 31792 | D:10     | Identified the +1 cloak of Refuge {*Confuse rC+ rN+} (You bought it in a shop on level 10 of the Dungeon)
 31797 | D:10     | Identified the +0 cloak of Lifelessness {rElec rC+ MP-9 Dex+5} (You bought it in a shop on level 10 of the Dungeon)
 31819 | D:10     | Bought a faintly glowing robe for 228 gold pieces
 31829 | D:10     | Identified the cursed +0 robe of Mirth {rF- Str+10} (You bought it in a shop on level 10 of the Dungeon)
 31840 | D:10     | Bought a brightly glowing robe for 228 gold pieces
 31845 | D:10     | Identified the cursed +0 robe of Devotion {rC+ rN+ Regen+} (You bought it in a shop on level 10 of the Dungeon)
 31863 | D:10     | Bought a thick robe for 228 gold pieces
 31863 | D:10     | Bought a steaming robe for 228 gold pieces
 31879 | D:10     | Identified the +2 robe of the World {rN+ rCorr} (You bought it in a shop on level 10 of the Dungeon)
 31906 | D:10     | Identified the +4 robe "Cachyri" {Str+4 Stlth+} (You bought it in a shop on level 10 of the Dungeon)
 31923 | D:10     | Bought a meat ration for 65 gold pieces
 32204 | Lair:5   | Found a staircase to the Snake Pit.
 32531 | Lair:5   | Reached skill level 5 in Shields
 33858 | Lair:6   | Got a transparent shield
 33869 | Lair:6   | Identified the +3 shield "Rusei" {rC- Regen+ Str+4 Int+3} (You found it on level 6 of the Lair of Beasts)
 35513 | Lair:8   | Entered Level 8 of the Lair of Beasts
 35531 | Lair:8   | Reached skill level 10 in Shields
 35795 | Lair:8   | Found a staircase to the Slime Pits.
 36154 | Lair:8   | Reached XP level 16. HP: 58/183 MP: 22/22
 36487 | Lair:8   | HP: 1/183 [spriggan rider/spear (18)]
 37346 | D:10     | Bought a bloodstained robe for 176 gold pieces
 37353 | D:10     | Identified the cursed +1 robe of Yka Qav {rC- Int+3} (You bought it in a shop on level 10 of the Dungeon)
 37539 | D:13     | Found a glowing silver altar of Zin.
 37663 | D:13     | Killed Frances
 37999 | D:14     | Found Ukhos's General Store.
 38028 | D:14     | Bought the ring "Aweithrio" {Wiz Str-3 Int+4 Dex+2 Slay+6} for 1027 gold pieces
 38062 | D:14     | Found Puimaten's General Store.
 38065 | D:14     | Bought a potion of heal wounds for 75 gold pieces
 38065 | D:14     | Bought a scroll of identify for 30 gold pieces
 38161 | D:14     | Found Doeviu's Magic Scroll Boutique.
 38169 | D:14     | Bought a scroll of identify for 28 gold pieces
 38169 | D:14     | Bought a scroll of magic mapping for 49 gold pieces
 38250 | D:14     | Found Odwyg's Antique Weapon Boutique.
 38714 | D:14     | Found a gate to the Vaults.
 38787 | D:14     | Found a stormy altar of Qazlal.
 39044 | D:15     | Entered Level 15 of the Dungeon
 39109 | D:15     | Learned a level 2 spell: Blink
 39480 | D:15     | Found a staircase to the Depths.
 39655 | D:15     | Learned a level 3 spell: Summon Guardian Golem
 39660 | D:15     | Learned a level 4 spell: Summon Lightning Spire
 40076 | D:14     | Bought a scroll of acquirement for 780 gold pieces
 40122 | D:14     | Bought an encrusted morningstar for 243 gold pieces
 40177 | D:14     | Bought a scroll of identify for 28 gold pieces
 40177 | D:14     | Identified the +10 morningstar "Boepsaa" {speed, rF+ rC+ Dex+3 Stlth+} (You bought it in a shop on level 14 of the Dungeon)
 40251 | D:14     | Bought a potion of curing for 45 gold pieces
 40251 | D:14     | Bought a scroll of identify for 30 gold pieces
 40251 | D:14     | Bought a potion of haste for 150 gold pieces
 40251 | D:14     | Bought a scroll of summoning for 142 gold pieces
 40359 | Elf:1    | Entered Level 1 of the Elven Halls
 40371 | Elf:1    | Reached XP level 17. HP: 191/191 MP: 23/23
 40384 | Elf:1    | Found a radiant altar of Vehumet.
 40416 | Elf:1    | Reached skill level 15 in Shields
 40987 | Elf:1    | Reached skill level 5 in Spellcasting
 41321 | Elf:2    | Found a runed gate.
 41321 | Elf:2    | Found a runed gate.
 41321 | Elf:2    | Found a runed gate.
 41387 | Elf:2    | Reached skill level 18 in Fighting
 41974 | Elf:3    | Entered Level 3 of the Elven Halls
 42385 | Elf:3    | Reached XP level 18. HP: 205/205 MP: 30/30
 42523 | Elf:3    | Noticed a deep elf blademaster
 42532 | Elf:3    | Noticed a deep elf master archer
 42552 | Elf:3    | Noticed a Brimstone Fiend
 42564 | Elf:3    | Killed a deep elf blademaster
 42726 | Elf:3    | Killed a deep elf master archer
 42730 | Elf:3    | Reached skill level 19 in Fighting
 42762 | Elf:3    | Noticed a deep elf master archer
 42773 | Elf:3    | Killed a deep elf master archer
 43038 | Elf:3    | Noticed a deep elf blademaster
 43119 | Elf:3    | Killed a deep elf blademaster
 43254 | Elf:3    | Reached skill level 10 in Spellcasting
 43278 | Elf:3    | Gained mutation: Your spells are a little easier to cast, but a little less powerful. [a neqoxec]
 43403 | Elf:3    | Identified the Volume of Dark Magic and Attacks (You found it on level 3 of the Elven Halls)
 44103 | Snake:1  | Entered Level 1 of the Snake Pit
 44292 | Snake:1  | Bought a transparent robe for 182 gold pieces
 44292 | Snake:1  | Identified the +2 robe "Paith" {Str+3 Int+7 Stlth-} (You bought it in a shop on level 1 of the Snake Pit)
 44748 | Snake:4  | Entered Level 4 of the Snake Pit
 44989 | Snake:4  | Reached skill level 20 in Fighting
 44997 | Snake:4  | Reached XP level 19. HP: 170/219 MP: 24/34
 46320 | Snake:4  | Reached skill level 21 in Fighting
 46979 | Snake:4  | Got a serpentine rune of Zot
 47202 | Swamp:1  | Entered Level 1 of the Swamp
 47572 | Swamp:4  | Entered Level 4 of the Swamp
 47857 | Swamp:4  | Reached XP level 20. HP: 231/236 MP: 35/35
 47892 | Swamp:4  | Reached skill level 22 in Fighting
 47981 | Swamp:4  | Got a decaying rune of Zot
 48086 | Swamp:3  | Bought the amulet of Sugepol {Reflect rF+ rC+ SH+4} for 828 gold pieces
 48390 | D:15     | Learned a level 5 spell: Summon Forest
 48397 | D:15     | Learned a level 3 spell: Mephitic Cloud
 48401 | D:15     | Learned a level 3 spell: Dazzling Spray
 48406 | D:15     | Learned a level 4 spell: Force Lance
 48521 | Vaults:1 | Entered Level 1 of the Vaults
 48551 | Vaults:1 | HP: 9/236 [something (8)]
 48552 | Vaults:1 | Mangled by a deep troll

Skill      XL: |  1  2  3  4  5  6  7  8  9 10 11 12 13 14 15 16 17 18 19 20 |
---------------+-------------------------------------------------------------+-----
Maces & Flails | 1 2 3 4 5 6 8 10 12 13 15 16 | 16.8
Fighting       | 1 2 3 4 5 6 8 10 12 14 15 16 17 18 20 21 22 | 22.1
Throwing       | 1 2 3 4 6 7 9 10 12 | 12.6
Dodging        | 6 |  6.5
Shields        | 3 11 14 16 17 18 | 18.4
Spellcasting   | 4 8 11 | 11.0
Stealth        | |  1.5
Conjurations   | |  0.6
Air Magic      | |  2.1

Action                   |  1- 3 |  4- 6 |  7- 9 | 10-12 | 13-15 | 16-18 | 19-21 || total
-------------------------+-------+-------+-------+-------+-------+-------+-------++-------
Melee: Mace              |    26 |   148 |   327 |       |       |       |       ||   501
       Dagger            |       |     3 |       |       |       |       |       ||     3
       Morningstar       |       |       |   149 |   565 |   954 |  1049 |   599 ||  3316
       Great sword       |       |       |     4 |       |       |       |       ||     4
       Dire flail        |       |       |       |    26 |    11 |       |       ||    37
       Giant spiked club |       |       |       |       |    51 |       |       ||    51
 Fire: Hunting sling     |    40 |    49 |    35 |       |       |       |       ||   124
       Blowgun           |       |       |       |    51 |    90 |     8 |       ||   149
Throw: Large rock        |       |     8 |    32 |    72 |    28 |    22 |     1 ||   163
       Javelin           |       |       |       |    92 |    42 |       |       ||   134
       Stone             |       |       |       |    28 |    79 |       |       ||   107
       Tomahawk          |       |       |       |       |    32 |    70 |   176 ||   278
       Throwing net      |       |       |       |       |       |     3 |       ||     3
 Cast: Shock             |    39 |    94 |   131 |    23 |       |       |       ||   287
       Repel Missiles    |     1 |       |       |     5 |     1 |     3 |     3 ||    13
       Summon Lightning  |       |       |       |       |       |     3 |     2 ||     5
       Summon Guardian G |       |       |       |       |       |     1 |     4 ||     5
Invok: Call Merchant     |       |       |     1 |     1 |     2 |     3 |     1 ||     8
       Potion Petition   |       |       |     1 |     1 |       |     1 |       ||     3
Evoke: Wand              |       |       |       |    14 |     5 |     2 |     3 ||    24
       Stone of tremors  |       |       |       |     1 |     1 |     1 |     1 ||     4
       Fan of gales      |       |       |       |       |       |     1 |     2 ||     3
       Box of beasts     |       |       |       |       |       |       |     1 ||     1
       Phial of floods   |       |       |       |       |       |       |     1 ||     1
  Use: Scroll            |     2 |     6 |    10 |    12 |    15 |    15 |     4 ||    64
       Potion            |       |     1 |     6 |    14 |     4 |     9 |     4 ||    38
 Stab: Sleeping          |       |       |     1 |     1 |    24 |    21 |     5 ||    52
       Distracted        |       |       |     1 |     5 |    16 |    12 |    10 ||    44
       Paralysed         |       |       |       |     3 |       |       |       ||     3
  Eat: Chunk             |     3 |    12 |     1 |       |       |       |       ||    16
       Bread ration      |       |     1 |     5 |     2 |     4 |     5 |     3 ||    20
       Royal jelly       |       |     1 |       |     1 |       |       |       ||     2
       Fruit             |       |       |     4 |    22 |    18 |     3 |       ||    47
       Beef jerky        |       |       |     1 |     1 |     2 |     1 |       ||     5
       Pizza             |       |       |       |     1 |     2 |     1 |     1 ||     5
       Meat ration       |       |       |       |       |       |     1 |       ||     1
Armor: Robe              |    15 |    43 |   155 |   114 |   128 |    72 |    34 ||   561
       Skin              |       |       |       |     3 |       |       |       ||     3
Dodge: Dodged            |    38 |    94 |   310 |   266 |   332 |   226 |   156 ||  1422
       Deflected         |       |       |     2 |    17 |     2 |    12 |     8 ||    41
Block: Other             |       |       |     2 |    82 |    48 |       |       ||   132
       Reflection        |       |       |       |     3 |    10 |    93 |    49 ||   155
       Large shield      |       |       |       |       |   275 |       |       ||   275
       Shield            |       |       |       |       |   406 |   813 |   470 ||  1689
